 Dungeon Crawl Stone Soup version 0.20.0-7-g3b7b877 (webtiles) character file.

208413 manyhoops the Bludgeoner (level 18, 0/207 HPs)
             Began as an Ogre Gladiator on May 29, 2017.
             Was a High Priest of Okawaru.
             Slain by a kraken (13 damage)
             ... on level 1 of the Shoals.
             The game lasted 01:57:05 (46686 turns).

manyhoops the Bludgeoner (Ogre Gladiator)          Turns: 46686, Time: 01:57:06

Health: 0/207      AC: 17    Str: 37    XL:     18   Next: 78%
Magic:  31/31      EV: 10    Int:  6    God:    Okawaru [*****.]
Gold:   1733       SH:  4    Dex: 10    Spells: 18/35 levels left

rFire    . . .     SeeInvis +   P - +6 giant spiked club of Foorowao {freeze, rPois}
rCold    + + .     Gourm    .   (shield currently unavailable)
rNeg     + + .     Faith    .   T - +0 pearl dragon scales
rPois    +         Spirit   .   A - +0 mask of the Dragon {MR+ Slay+3 SInv}
rElec    .         Reflect  +   (no cloak)
rCorr    .         Harm     .   (gloves unavailable)
MR       ++...                  (boots unavailable)
Stlth    ..........             i - +4 amulet of reflection
Regen    0.5/turn               q - ring of Scepticism {rC++ rN+ Str+8 Int-5}
MPRegen  0.3/turn               B - +3 ring of slaying

@: very slow
A: unfitting armour, rugged brown scales 1, blink, clever 1, tough skin 1
}: 1/15 runes: serpentine
a: Blink, Heroism, Finesse, Renounce Religion


You were on level 1 of the Shoals.
You worshipped Okawaru.
Okawaru was extremely pleased with you.
You were not hungry.

You visited 6 branches of the dungeon, and saw 29 of its levels.

You collected 3320 gold pieces.
You spent 1587 gold pieces at shops.

Inventory:

Hand Weapons
 g - the +5 giant spiked club of Terror {crush, *Slow Str+7 Int+3 Dex+4 Stlth+}
   (Okawaru gifted it to you on level 4 of the Snake Pit)

   It inflicts extra damage upon your enemies.
   It affects your strength (+7).
   It affects your intelligence (+3).
   It affects your dexterity (+4).
   It may slow you when you take damage.
   It makes you more stealthy.
 P - the +6 giant spiked club of Foorowao (weapon) {freeze, rPois}
   (Okawaru gifted it to you on level 15 of the Dungeon)

   It has been specially enchanted to freeze those struck by it, causing extra
   injury to most foes and up to half again as much damage against particularly
   susceptible opponents.
   It can also slow down cold-blooded creatures.
   It protects you from poison.
 Z - the +6 hand crossbow of the Chickpea {elec, rPois rF- rC+++ Int-4}
   (You found it on level 1 of the Snake Pit)

   It charges the ammunition it shoots with electricity; occasionally upon a
   hit, such missiles may discharge and cause terrible harm.
   It affects your intelligence (-4).
   It makes you vulnerable to fire.
   It renders you almost immune to cold.
   It protects you from poison.
Missiles
 a - 3 steel javelins
 r - 11 javelins of penetration
 M - 20 javelins
 V - 16 large rocks (quivered)
 Y - 2 poisoned javelins
Armour
 z - a scarf of resistance
 A - the +0 mask of the Dragon (worn) {MR+ Slay+3 SInv}
   (You found it on level 1 of the Lair of Beasts)

   It affects your accuracy and damage with ranged weapons and melee attacks
   (+3).
   It affects your resistance to hostile enchantments.
   It lets you see invisible.
 H - a +0 cloak
 T - +0 pearl dragon scales (worn)
 X - a scarf of repulsion
Jewellery
 b - an uncursed amulet of regeneration
 i - a +4 amulet of reflection (around neck)
 q - the ring of Scepticism (left hand) {rC++ rN+ Str+8 Int-5}
   (You bought it in a shop on level 3 of the Snake Pit)

   [ring of positive energy]

   It affects your strength (+8).
   It affects your intelligence (-5).
   It greatly protects you from cold.
   It protects you from negative energy.
 v - an uncursed ring of resist corrosion
 B - a +3 ring of slaying (right hand)
 E - an uncursed ring of ice
 F - an uncursed ring of protection from fire
 U - an uncursed ring of protection from fire
Wands
 e - a wand of acid (1/15)
 t - a wand of iceblast (1/15)
 y - a wand of flame (31/48)
 L - a wand of digging (0/24)
 S - a wand of lightning (9/15)
 W - a wand of disintegration (6/24)
Scrolls
 d - a scroll of torment
 f - a scroll of summoning
 j - 2 scrolls of fear
 l - 4 scrolls of identify
 n - 12 scrolls of remove curse
 C - 5 scrolls of amnesia
 I - 3 scrolls of teleportation
 J - 4 scrolls of fog
 K - 5 scrolls of magic mapping
 N - 2 scrolls of enchant armour
 R - 2 scrolls of enchant weapon
Potions
 c - 3 potions of agility
 h - a potion of haste
 m - 4 potions of curing
 o - 5 potions of might
 p - 4 potions of resistance
 s - 5 potions of lignification
 u - 5 potions of brilliance
 w - 4 potions of magic
 G - 2 potions of invisibility
 Q - 5 potions of flight
Comestibles
 k - 10 meat rations
 x - a bread ration
 D - 2 chunks of flesh


   Skills:
 - Level 17.5 Fighting
 + Level 18.9 Maces & Flails
 - Level 10.2 Throwing
 - Level 12.9 Armour
 - Level 4.5 Dodging
   Level 4.5 Shields
 - Level 9.2 Spellcasting
 - Level 3.1 Hexes
 - Level 4.0 Invocations


You had 18 spell levels left.
You knew the following spells:

 Your Spells              Type           Power        Failure   Level  Hunger
a - Confuse               Hex            #.......     28%         3    ###....
b - Swiftness             Chrm/Air       #.......     45%         2    ##.....
c - Corona                Hex            #......      10%         1    None
d - Ensorcelled Hibernat  Hex/Ice        #.....       26%         2    ##.....
e - Dazzling Spray        Conj/Hex       #.....       47%         3    ###....
f - Apportation           Tloc           #.....       34%         1    None
g - Summon Butterflies    Summ           #.......     34%         1    None
h - Blink                 Tloc           N/A          45%         2    ##.....
i - Shroud of Golubria    Chrm/Tloc      #.........   45%         2    ##.....


Dungeon Overview and Level Annotations

Branches:
Dungeon (15/15)            Temple (1/1) D:6            Lair (6/6) D:10
 Shoals (1/4) Lair:4        Snake (4/4) Lair:3        Slime (0/5) Lair:5
    Orc (2/2) D:12            Elf (0/3) Orc:2        Vaults (0/5) D:13
 Depths (0/5) D:15

Altars:
Cheibriados
Dithmenos
Hepliaklqana
Makhleb
Nemelex Xobeh
Okawaru
Qazlal
Vehumet
Beogh
Jiyva

Shops:
D:5 *   D:12 =   Orc:2 (%=!   Snake:3 =}=


Innate Abilities, Weirdness & Mutations

You are too large for most types of armour.
You have tough skin. (AC +1)
You are partially covered in rugged brown scales. (AC +1, +3% HP)
You can translocate small distances at will.
Your mind is acute. (Int +2)


Message History

The tentacle slaps you!
* * * LOW HITPOINT WARNING * * *
The tentacle slaps you but does no damage.
The tentacle closely misses you. The tentacle slaps you!
* * * LOW HITPOINT WARNING * * *
The tentacle slaps you.
* * * LOW HITPOINT WARNING * * *
You blink.
Splash!
You feel slightly more hungry. The kraken closely misses you.
The kraken bites you!
* * * LOW HITPOINT WARNING * * *
You don't have enough health at the moment.
Press: ? - help, v - describe, . - travel
Here: a kraken (water, moderately wounded) Some deep water.
You feel better. You block the tentacle's attack. The tentacle misses you.
A tentacle segment bursts forth from the water. x3
The kraken bites you!
You die...

#.......###...###....≈≈
#.......#..........≈≈≈≈
#≈8≈8≈8≈#..≈≈.....≈≈≈≈≈
#≈≈≈≈≈≈≈#..≈≈≈≈...≈≈≈≈≈
#≈≈≈≈§≈≈#..≈≈≈≈###≈≈≈≈.
#≈≈w_≈≈≈##.≈≈≈.##..≈≈≈.
#≈≈w≈≈≈≈#...≈≈≈...≈≈≈≈≈
#≈≈≈≈≈ww#..≈≈≈≈≈≈≈≈≈≈≈≈
#≈≈≈≈X@≈##..≈≈≈≈≈≈≈≈≈≈≈
#≈≈≈≈≈≈≈##..≈≈≈≈≈≈≈≈≈≈≈
#≈≈≈≈≈≈≈#..≈≈≈≈≈≈≈≈≈≈≈≈
#≈≈≈≈≈≈≈#.≈≈≈≈≈≈≈≈≈≈≈≈≈
#########.≈≈≈≈≈≈≈≈≈≈≈≈≈
≈≈≈≈≈≈≈≈≈≈≈≈≈≈≈≈≈≈≈≈≈≈
≈≈≈≈≈≈≈≈≈≈≈≈≈≈≈≈≈≈≈≈
≈≈≈≈≈≈≈≈≈≈≈≈≈≈≈≈≈≈≈
≈≈≈≈≈≈≈≈≈≈≈≈≈≈≈≈≈≈


You could see a kraken and 4 tentacles.

Vanquished Creatures
  Vashnia (Snake:4)
  Rupert (Orc:2)
  Gastronok (Lair:3)
  Kirke (Snake:2)
  Roxanne (Snake:3)
  Donald (Orc:1)
  9 nagarajas
  A fire giant (D:15)
  Aizul (Snake:3)
  2 ogre magi
  A yaktaur captain (D:13)
  10 hydras
  15 naga warriors
  9 anacondas
  19 two-headed ogres
  7 death yaks
  3 centaur warriors (D:13)
  22 naga sharpshooters
  4 orc high priests (Orc:2)
  Sonja (Orc:2)
  10 shock serpents
  Nergalle (Lair:2)
  Urug (Lair:5)
  3 salamander mystics
  7 unseen horrors
  A deep elf archer (D:15)
  2 sea snakes (Shoals:1)
  7 naga ritualists
  4 orc knights (Orc:2)
  2 deep elf magi
  5 orc sorcerers (Orc:2)
  11 mana vipers
  2 oklob plants
  23 ugly things
  2 manticores
  4 cyclopes
  10 elephants
  9 salamanders
  A centaur zombie (D:15)
  52 black mambas
  12 naga magi
  A merfolk siren (Lair:4)
  6 guardian serpents
  4 gargoyles
  9 spiny frogs
  6 rime drakes
  2 yaktaurs (D:13)
  A kobold demonologist (D:12)
  7 komodo dragons
  2 freezing wraiths (D:15)
  An efreet (D:15)
  6 polar bears
  4 trolls
  A merfolk (Shoals:1)
  5 hornets
  8 dream sheep
  12 slime creatures
  5 blink frogs (Lair:1)
  9 hippogriffs
  A snapping turtle (Shoals:1)
  A meliai zombie (D:15)
  2 shadows
  13 spriggans (Lair:6)
  A wraith (D:14)
  4 wyverns
  A tarantella (shapeshifter) (D:15)
  3 basilisks
  52 yaks
  2 hogs (Snake:2)
  A hungry ghost (D:13)
  A basilisk (shapeshifter) (D:13)
  2 wargs
  66 nagas
  An acid dragon (D:12)
  10 water moccasins
  A porcupine (shapeshifter) (D:15)
  9 porcupines
  25 orc warriors
  A sky beast (D:15)
  3 hornet zombies
  6 ice beasts
  4 black bears (Lair:6)
  6 phantoms
  7 boggarts
  3 eyes of draining
  A necrophage (D:12)
  27 wolves
  18 ogres
  17 centaurs
  21 crocodiles
  3 big kobolds
  16 bullfrogs
  2 gnoll sergeants
  A wyvern zombie (D:11)
  2 wyvern skeletons
  4 scorpions
  14 killer bees
  3 troll zombies (D:12)
  12 wights
  5 howler monkeys
  An electric eel (D:13)
  2 crimson imps
  5 bullfrog skeletons
  2 bullfrog zombies (D:12)
  8 hounds
  2 jellies
  19 orc priests
  4 centaur skeletons
  28 orc wizards
  16 worker ants
  4 iguanas
  5 ogre zombies (D:12)
  2 worker ant zombies
  6 adders
  9 gnolls
  8 shadow imps
  3 white imps
  An ufetubus (D:13)
  3 oozes
  An adder skeleton (D:7)
  A worm (D:2)
  5 dart slugs
  6 leopard geckos
  76 orcs
  3 giant cockroaches
  5 goblins
  7 hobgoblins
  17 jackals
  5 quokkas
  3 bats
  4 frilled lizards
  A goblin skeleton (D:12)
  9 goblin zombies (D:12)
  A hobgoblin skeleton (D:12)
  2 hobgoblin zombies (D:12)
  A jackal skeleton (D:9)
  21 kobolds
  2 leopard gecko skeletons
  2 orc skeletons (D:12)
  10 orc zombies (D:12)
  8 rats
  A fungus (Lair:1)
  3 plants
1062 creatures vanquished.

Vanquished Creatures (others)
  A naga ritualist (Snake:4)
  A cyclops (D:15)
  A human (Snake:2)
  An orc wizard (D:7)
  A kobold (D:10)
  13 fungi
  43 plants
61 creatures vanquished.

Grand Total: 1123 creatures vanquished

Notes
Turn   | Place    | Note
-------+----------+-------------------------------------------
     0 | D:1      | manyhoops the Ogre Gladiator began the quest for the Orb.
     0 | D:1      | Reached XP level 1. HP: 22/22 MP: 1/1
    41 | D:1      | Reached skill level 3 in Maces & Flails
    41 | D:1      | Reached XP level 2. HP: 22/29 MP: 2/2
   216 | D:1      | Reached XP level 3. HP: 6/36 MP: 3/3
   715 | D:1      | Reached skill level 4 in Maces & Flails
  1455 | D:2      | Reached XP level 4. HP: 43/44 MP: 4/4
  2356 | D:3      | Found a stormy altar of Qazlal.
  2863 | D:2      | Reached XP level 5. HP: 41/53 MP: 5/5
  3231 | D:4      | Found a radiant altar of Vehumet.
  3548 | D:4      | Reached skill level 5 in Fighting
  3548 | D:4      | Reached XP level 6. HP: 42/66 MP: 6/6
  3951 | D:4      | Found a hazy altar of Hepliaklqana.
  3952 | D:4      | Found an iron altar of Okawaru.
  4132 | D:4      | Became a worshipper of Warmaster Okawaru
  4165 | D:5      | Entered Level 5 of the Dungeon
  4173 | D:5      | Found Uvoc's General Store.
  4176 | D:5      | Bought a scroll of blinking for 97 gold pieces
  4381 | D:5      | Noticed an ice beast
  4389 | D:5      | Killed an ice beast
  4441 | D:5      | Reached XP level 7. HP: 66/78 MP: 7/7
  4783 | D:5      | Found a burning altar of Makhleb.
  4783 | D:5      | Noticed a balrug
  4814 | D:5      | Reached skill level 5 in Maces & Flails
  4929 | D:6      | Reached * piety under Okawaru
  5308 | D:6      | Reached skill level 6 in Maces & Flails
  5629 | D:6      | Learned a level 3 spell: Confuse
  5657 | D:6      | Found a staircase to the Ecumenical Temple.
  5674 | D:6      | Reached XP level 8. HP: 35/88 MP: 7/11
  5897 | D:6      | Reached skill level 1 in Hexes
  6097 | D:6      | Found a sparkling altar of Nemelex Xobeh.
  6224 | Temple   | Entered the Ecumenical Temple
  6981 | D:7      | Reached ** piety under Okawaru
  6981 | D:7      | Reached skill level 5 in Spellcasting
  7208 | D:7      | Reached XP level 9. HP: 96/96 MP: 17/19
  7463 | D:7      | Got a brightly glowing trident
  7464 | D:7      | Identified the +10 trident of the Final Decision {flame, rF+ Int+4} (You found it on level 7 of the Dungeon)
  8049 | D:7      | Reached *** piety under Okawaru
  8329 | D:8      | Noticed a two-headed ogre
  8343 | D:8      | Killed a two-headed ogre
  8343 | D:8      | Received a gift from Okawaru
  8343 | D:8      | Reached skill level 7 in Maces & Flails
  8343 | D:8      | Reached XP level 10. HP: 106/106 MP: 23/23
  8905 | D:8      | Reached skill level 8 in Maces & Flails
  9344 | D:9      | Found a snail-covered altar of Cheibriados.
  9378 | D:9      | Reached **** piety under Okawaru
  9897 | D:9      | Reached skill level 10 in Fighting
 10366 | D:10     | Entered Level 10 of the Dungeon
 10829 | D:10     | Noticed an elephant
 10846 | D:10     | Killed an elephant
 10846 | D:10     | Reached skill level 9 in Maces & Flails
 10987 | D:10     | Found a staircase to the Lair.
 11048 | D:10     | Reached XP level 11. HP: 57/119 MP: 24/24
 11647 | D:10     | Reached skill level 5 in Throwing
 12157 | D:10     | Reached skill level 10 in Maces & Flails
 12777 | D:11     | Noticed a green ugly thing
 12779 | D:11     | Noticed a four-headed hydra
 12791 | D:11     | Noticed a cyan ugly thing
 13039 | Lair:1   | Entered Level 1 of the Lair of Beasts
 13291 | Lair:1   | Received a gift from Okawaru
 13512 | Lair:1   | Reached ***** piety under Okawaru
 13767 | Lair:1   | Received a gift from Okawaru
 13822 | Lair:1   | Reached skill level 1 in Armour
 14064 | Lair:1   | Noticed an oklob plant
 14380 | Lair:2   | Learned a level 2 spell: Swiftness
 15042 | Lair:2   | Noticed Nergalle
 15054 | Lair:2   | Killed Nergalle
 15564 | Lair:2   | Reached skill level 5 in Armour
 15778 | Lair:2   | Reached XP level 12. HP: 59/133 MP: 25/25
 16049 | Lair:2   | Noticed a seven-headed hydra
 17434 | Lair:3   | Received a gift from Okawaru
 17597 | Lair:3   | Noticed Gastronok
 17616 | Lair:3   | Killed Gastronok
 17763 | Lair:3   | Received a gift from Okawaru
 18005 | Lair:3   | Found a staircase to the Snake Pit.
 18421 | Lair:4   | Noticed a death yak
 18421 | Lair:4   | Noticed a death yak
 18421 | Lair:4   | Noticed a death yak
 18421 | Lair:4   | Noticed a death yak
 19050 | Lair:4   | Noticed a death yak
 19050 | Lair:4   | Noticed a death yak
 19384 | D:11     | Killed a four-headed hydra
 19543 | D:11     | Found a burning altar of Makhleb.
 19597 | D:11     | Noticed a seven-headed hydra
 19600 | D:11     | Killed a seven-headed hydra
 19690 | D:11     | Reached XP level 13. HP: 131/145 MP: 26/26
 20230 | D:12     | Found Ezxif's Jewellery Emporium.
 20259 | D:12     | Bought a +4 amulet of reflection for 405 gold pieces
 20771 | D:12     | Reached skill level 11 in Maces & Flails
 21078 | D:12     | Found a staircase to the Orcish Mines.
 21327 | Orc:1    | Entered Level 1 of the Orcish Mines
 21606 | Orc:2    | Entered Level 2 of the Orcish Mines
 21606 | Orc:2    | Noticed Sonja
 21652 | D:13     | Received a gift from Okawaru
 21724 | D:12     | Learned a level 1 spell: Corona
 21727 | D:12     | Learned a level 2 spell: Ensorcelled Hibernation
 21731 | D:12     | Learned a level 3 spell: Dazzling Spray
 21900 | Lair:2   | Received a gift from Okawaru
 21966 | Lair:2   | Identified the Tome of the Equator
 21979 | Lair:2   | Learned a level 1 spell: Apportation
 21981 | Lair:2   | Learned a level 1 spell: Summon Butterflies
 22068 | Lair:2   | Reached skill level 12 in Maces & Flails
 22169 | Lair:3   | Reached skill level 1 in Invocations
 22212 | Lair:4   | Found a staircase to the Shoals.
 22255 | Lair:4   | Gained mutation: You have sharp fingernails. [potion of mutation]
 22255 | Lair:4   | Gained mutation: You can translocate small distances at will. [potion of mutation]
 22255 | Lair:4   | Gained mutation: Your spells are a little easier to cast, but a little less powerful. [potion of mutation]
 22255 | Lair:4   | Gained mutation: You are partially covered in thin metallic scales. (AC +2) [potion of mutation]
 22256 | Lair:4   | Lost mutation: Your spells are a little easier to cast, but a little less powerful. [potion of mutation]
 22256 | Lair:4   | Lost mutation: You have sharp fingernails. [potion of mutation]
 22256 | Lair:4   | Lost mutation: You are partially covered in thin metallic scales. (AC +2) [potion of mutation]
 22256 | Lair:4   | Gained mutation: You are partially covered in rugged brown scales. (AC +1, +3% HP) [potion of mutation]
 22256 | Lair:4   | Gained mutation: Your mind is acute. (Int +2) [potion of mutation]
 22459 | Lair:4   | Received a gift from Okawaru
 22586 | Lair:4   | Reached skill level 10 in Throwing
 23450 | Lair:4   | Reached XP level 14. HP: 146/161 MP: 27/27
 24272 | Lair:5   | Received a gift from Okawaru
 24917 | Lair:5   | Noticed Urug
 25235 | Lair:5   | Reached skill level 10 in Armour
 25450 | Lair:5   | Killed Urug
 25481 | Lair:5   | Found a viscous altar of Jiyva.
 25481 | Lair:5   | Found a staircase to the Slime Pits.
 25627 | Lair:6   | Entered Level 6 of the Lair of Beasts
 26373 | Lair:6   | Received a gift from Okawaru
 26984 | Lair:6   | Reached skill level 15 in Fighting
 28287 | D:12     | Learned a level 2 spell: Blink
 28290 | D:12     | Learned a level 2 spell: Shroud of Golubria
 28525 | D:13     | Reached XP level 15. HP: 150/172 MP: 28/28
 28781 | D:13     | Received a gift from Okawaru
 28816 | D:13     | Found a gate to the Vaults.
 28953 | D:13     | Reached skill level 13 in Maces & Flails
 30688 | D:13     | Reached skill level 14 in Maces & Flails
 31049 | D:14     | Reached skill level 1 in Shields
 31912 | D:15     | Entered Level 15 of the Dungeon
 32115 | D:15     | Received a gift from Okawaru
 32218 | D:15     | Noticed a fire giant
 32225 | D:15     | Killed a fire giant
 32350 | D:15     | Found a staircase to the Depths.
 32429 | D:15     | Received a gift from Okawaru
 32869 | D:15     | Received a gift from Okawaru
 32869 | D:15     | Reached XP level 16. HP: 44/181 MP: 29/29
 33242 | D:15     | Reached ****** piety under Okawaru
 33435 | D:15     | Received a gift from Okawaru
 33442 | D:15     | Got a translucent giant spiked club {god gift}
 33445 | D:15     | Identified the +6 giant spiked club of Foorowao {freeze, rPois} (Okawaru gifted it to you on level 15 of the Dungeon)
 34626 | Orc:2    | Killed Sonja
 34706 | Orc:2    | Noticed Rupert
 34712 | Orc:2    | Noticed Donald
 34991 | Orc:1    | Killed Donald
 35005 | Orc:2    | Killed Rupert
 35005 | Orc:2    | Received a gift from Okawaru
 35005 | Orc:2    | Reached skill level 15 in Maces & Flails
 35642 | Orc:2    | Found a runed door.
 35708 | Orc:2    | Received a gift from Okawaru
 35774 | Orc:2    | Found Guinal's Jewellery Shop.
 35802 | Orc:2    | Found Zakap's Weapon Shoppe.
 35817 | Orc:2    | Found Karoizio's Food Shoppe.
 35819 | Orc:2    | Found Sydgh's Distillery.
 35827 | Orc:2    | Bought a potion of curing for 39 gold pieces
 35827 | Orc:2    | Bought a potion of haste for 130 gold pieces
 35827 | Orc:2    | Bought a potion of ambrosia for 104 gold pieces
 35857 | Orc:2    | Received a gift from Okawaru
 35905 | Orc:2    | Found a staircase to the Elven Halls.
 36085 | Orc:2    | Found a roughly hewn altar of Beogh.
 36649 | Snake:1  | Entered Level 1 of the Snake Pit
 36968 | Snake:1  | Identified the +6 hand crossbow of the Chickpea {elec, rPois rF- rC+++ Int-4} (You found it on level 1 of the Snake Pit)
 36997 | Snake:1  | Received a gift from Okawaru
 37334 | Snake:1  | Reached skill level 16 in Maces & Flails
 38247 | Snake:2  | Noticed a nagaraja
 38392 | Snake:2  | Killed a nagaraja
 38529 | Snake:2  | Noticed a nagaraja
 38534 | Snake:2  | Killed a nagaraja
 38534 | Snake:2  | Reached XP level 17. HP: 162/194 MP: 30/30
 40024 | Snake:2  | Reached skill level 17 in Maces & Flails
 40101 | Snake:2  | Received a gift from Okawaru
 40133 | Snake:2  | Noticed Kirke
 40148 | Snake:2  | Killed Kirke
 40272 | Snake:2  | Found a hazy altar of Hepliaklqana.
 40554 | Snake:3  | Noticed Aizul
 40572 | Snake:3  | Killed Aizul
 41665 | Snake:3  | Received a gift from Okawaru
 41697 | Snake:3  | Noticed Roxanne
 41707 | Snake:3  | Killed Roxanne
 42034 | Snake:3  | Found Esiffo's Jewellery Boutique.
 42035 | Snake:3  | Found Zumeuxergh's Gadget Emporium.
 42036 | Snake:3  | Found Wanul's Jewellery Boutique.
 42046 | Snake:3  | Bought the ring of Scepticism {rC++ rN+ Str+8 Int-5} for 812 gold pieces
 42329 | Snake:4  | Entered Level 4 of the Snake Pit
 43012 | Snake:4  | Reached XP level 18. HP: 194/207 MP: 31/31
 43823 | Snake:4  | Received a gift from Okawaru
 44141 | Snake:4  | Identified the +5 giant spiked club of Terror {crush, *Slow Str+7 Int+3 Dex+4 Stlth+} (Okawaru gifted it to you on level 4 of the Snake Pit)
 44354 | Snake:4  | Reached skill level 18 in Maces & Flails
 44610 | Snake:4  | Noticed Vashnia
 44616 | Snake:4  | Killed Vashnia
 45122 | Snake:4  | Got a serpentine rune of Zot
 45397 | Snake:4  | Received a gift from Okawaru
 45604 | Snake:4  | Received a gift from Okawaru
 46126 | Snake:3  | Received a gift from Okawaru
 46500 | Shoals:1 | Entered Level 1 of the Shoals
 46669 | Shoals:1 | Found a shadowy altar of Dithmenos.
 46685 | Shoals:1 | HP: 7/207 [kraken (12)]
 46686 | Shoals:1 | Slain by a kraken

Skill      XL: |  1  2  3  4  5  6  7  8  9 10 11 12 13 14 15 16 17 18 |
---------------+-------------------------------------------------------+-----
Maces & Flails | 3 4 6 7 9 10 12 14 16 17 18 | 18.9
Fighting       | 3 5 7 8 10 12 13 14 15 16 17 | 17.5
Spellcasting   | 2 6 9 |  9.2
Hexes          | 3 |  3.1
Throwing       | 3 4 5 9 10 | 10.2
Armour         | 5 6 7 10 11 12 | 12.9
Invocations    | 4 |  4.0
Shields        | 4 |  4.5
Dodging        | 4 |  4.5

Action                   |  1- 3 |  4- 6 |  7- 9 | 10-12 | 13-15 | 16-18 || total
-------------------------+-------+-------+-------+-------+-------+-------++-------
Melee: Flail             |   112 |   139 |       |       |       |       ||   251
       Mace              |       |    55 |   258 |   711 |   739 |       ||  1763
       Trident           |       |       |     4 |       |       |       ||     4
       Punch             |       |       |       |     1 |       |       ||     1
       Eveningstar       |       |       |       |       |    16 |       ||    16
       Giant spiked club |       |       |       |       |   156 |   671 ||   827
       Demon whip        |       |       |       |       |    17 |       ||    17
Throw: Throwing net      |     3 |     9 |     1 |       |       |     2 ||    15
       Large rock        |       |     1 |     4 |    82 |   322 |   174 ||   583
       Stone             |       |       |    12 |       |       |       ||    12
       Javelin           |       |       |    10 |    85 |   100 |    36 ||   231
       Tomahawk          |       |       |       |       |     5 |       ||     5
 Cast: Confuse           |       |       |       |     7 |       |       ||     7
Invok: Heroism           |       |       |     1 |     6 |     7 |    25 ||    39
       Finesse           |       |       |       |       |       |     5 ||     5
 Abil: Blink             |       |       |       |       |       |     3 ||     3
Evoke: Wand              |       |       |       |     7 |     5 |     5 ||    17
  Use: Potion            |     1 |     1 |     2 |     7 |     4 |    10 ||    25
       Scroll            |       |    13 |     5 |    20 |    10 |    11 ||    59
 Stab: Sleeping          |     3 |       |       |     1 |       |       ||     4
       Confused          |       |       |       |     1 |       |       ||     1
  Eat: Chunk             |     2 |     9 |    12 |    27 |    31 |    11 ||    92
       Fruit             |       |       |       |     8 |     2 |     3 ||    13
       Bread ration      |       |       |       |     1 |     1 |     3 ||     5
       Royal jelly       |       |       |       |       |     2 |       ||     2
       Meat ration       |       |       |       |       |     2 |     2 ||     4
Armor: Robe              |    25 |    60 |   116 |   133 |       |       ||   334
       Skin              |       |       |       |    49 |       |       ||    49
       Swamp dragon scal |       |       |       |   182 |   633 |    82 ||   897
       Pearl dragon scal |       |       |       |       |       |   275 ||   275
Dodge: Dodged            |    61 |    91 |   150 |   401 |   534 |   360 ||  1597
Block: Other             |       |       |       |       |   188 |   142 ||   330
       Reflection        |       |       |       |       |     1 |    25 ||    26
